 Dungeon Crawl Stone Soup version 0.23-a0-470-g6f7cfd9 (webtiles) character file.

111 tilp the Chiller (level 4, 0/30 HPs)
             Began as a Merfolk Ice Elementalist on Nov 26, 2018.
             Succumbed to an adder's poison
             ... on level 3 of the Dungeon.
             The game lasted 00:06:20 (2644 turns).

tilp the Chiller (Merfolk Ice Elementalist)         Turns: 2644, Time: 00:06:21

Health: 0/30       AC:  2    Str:  8    XL:     4   Next: 92%
Magic:  3/7        EV: 13    Int: 15    God:
Gold:   79         SH:  0    Dex: 14    Spells: 1/7 levels left

rFire    . . .     SeeInvis .   a - +0 dagger
rCold    . . .     Gourm    .   (no shield)
rNeg     . . .     Faith    .   b - +0 robe
rPois    .         Spirit   .   (no helmet)
rElec    .         Reflect  .   (no cloak)
rCorr    .         Harm     .   (no gloves)
MR       .....                  (no boots)
Stlth    ++........             (no amulet)
HPRegen  0.10/turn              (no ring)
MPRegen  0.10/turn              (no ring)

@: lethally poisoned (0 -> -6), flying, very slightly contaminated, invisible
A: change form in water, swift swim, stealthy swim
a: no special abilities


You were on level 3 of the Dungeon.
You were not hungry.

You visited 1 branch of the dungeon, and saw 3 of its levels.

You collected 79 gold pieces.

Inventory:

Hand Weapons
 a - a +0 dagger (weapon)
 h - a +0 spear
Missiles
 e - 68 stones (quivered)
Armour
 b - a +0 robe (worn)
Jewellery
 g - an uncursed amulet of the gourmand {unknown}
Scrolls
 d - a scroll of teleportation {unknown}
 l - a scroll of remove curse
 m - a scroll of identify {unknown}
 n - a scroll of magic mapping {unknown}
 o - a scroll of blinking {unknown}
Comestibles
 c - 6 rations


   Skills:
 + Level 0.1 Fighting
 - Level 2.6 Dodging
 - Level 2.1 Stealth
 - Level 2.0 Spellcasting
 - Level 0.7 Conjurations
 - Level 6.0 Ice Magic


You had one spell level left.
You knew the following spells:

 Your Spells              Type           Power        Failure   Level  Hunger
a - Freeze                Ice            ###.         1%          1    #......
b - Throw Frost           Conj/Ice       ##....       9%          2    ###....
c - Ozocubu's Armour      Chrm/Ice       ##......     19%         3    ###....

Your spell library contained the following spells:

 Spells                   Type           Power        Failure   Level  Hunger
 Throw Icicle             Conj/Ice       ##......     50%         4    #####..
 Summon Ice Beast         Ice/Summ       ##......     54%         4    #####..


Dungeon Overview and Level Annotations

Branches:
Dungeon (3/15)

Altars:


Message History

You feel sick.
* * * LOW HITPOINT WARNING * * *
You feel sick.
* * * LOW HITPOINT WARNING * * *
You feel sick.
A bat comes into view.
* * * LOW HITPOINT WARNING * * *
You feel sick.
An orc priest comes into view. It is wielding a +0 club.
* * * LOW HITPOINT WARNING * * *
You feel sick.
Found a scroll labeled VOHYVEJEKH and a scroll labeled HOBOLUGRYT.
You see here 9 gold pieces.
As you read the scroll labeled PUDGHE ADONWACW, it crumbles to dust.
You feel blessed for a moment.
It was a scroll of remove curse.
* * * LOW HITPOINT WARNING * * *
You feel sick.
As you read the scroll labeled GAMNES XEEDUEQUKEX, it crumbles to dust.
Your nose twitches suddenly!
It was a scroll of random uselessness.
You die...

#.......#
#......?.
####......#.
#)........?.
##.##..(....#
##..##....l...
#.............
#.....@....b..
#....$........
#...........o.
##.#####.#....
###### #..#
...###
.....######.###
..##
####♣.#.....%.#
.#
...##.#.......#
##
♣.♣.#.#..<....#


You could see an orc priest (sleeping), a leopard gecko (sleeping) and a bat
(sleeping).

Vanquished Creatures
  A gnoll (D:1)
  3 adders
  An ooze (D:1)
  2 worms (D:3)
  3 dart slugs
  2 leopard geckos
  11 bats
  3 hobgoblins
  8 jackals
  6 frilled lizards
  5 goblins
  5 kobolds
  6 rats
56 creatures vanquished.

Notes
Turn   | Place    | Note
-------+----------+-------------------------------------------
     0 | D:1      | tilp the Merfolk Ice Elementalist began the quest for the
                  | Orb.
     0 | D:1      | Reached XP level 1. HP: 13/13 MP: 3/3
   235 | D:1      | Reached skill level 4 in Ice Magic
   235 | D:1      | Reached XP level 2. HP: 19/19 MP: 1/5
   239 | D:1      | Learned a level 2 spell: Throw Frost
   660 | D:1      | Reached XP level 3. HP: 24/24 MP: 4/6
   665 | D:1      | Learned a level 3 spell: Ozocubu's Armour
  1172 | D:1      | Reached skill level 5 in Ice Magic
  1609 | D:2      | Reached XP level 4. HP: 30/30 MP: 4/7
  2631 | D:3      | Reached skill level 6 in Ice Magic
  2643 | D:3      | HP: 1/30 [poisoned by an adder]
  2644 | D:3      | Succumbed to an adder's poison

Vault maps used:
D:1:      lemuel_arrival_funnel, grunt_decor_fettered, corner_web_ring
D:2:      kennysheep_generic_room_4
D:3:      nicolae_overflow_hidden_temple, chequers_ecumenical_altar_island,
          grunt_ministairs_11

Skill      XL: |  1  2  3  4 |
---------------+-------------+-----
Ice Magic      | 4 5 6 |  6.0
Fighting       | |  0.1
Dodging        | |  2.6
Stealth        | |  2.1
Spellcasting   | |  2.0
Conjurations   | |  0.7

Action                   |  1- 3 |  4- 6 || total
-------------------------+-------+-------++-------
Melee: Dagger            |    43 |     4 ||    47
Throw: Stone             |       |     1 ||     1
 Cast: Freeze            |    52 |    29 ||    81
  Use: Scroll            |       |     2 ||     2
       Potion            |       |     2 ||     2
 Stab: Sleeping          |     8 |     3 ||    11
  Eat: Chunk             |     3 |     4 ||     7
Armor: Robe              |    11 |     1 ||    12
Dodge: Dodged            |    60 |    17 ||    77

Table legend:
 A = Non-vault XP
 B = Vault XP
 C = Vault XP percentage of total XP
 D = Non-vault monster count
 E = Vault monster count
 F = Vault count percentage of total count
                 A         B        C        D         E       F
            +---------+---------+-------+---------+---------+-------
      Total |     140 |      19 |  11.9 |      53 |       3 |   5.4
            +---------+---------+-------+---------+---------+-------
        D:1 |      70 |       0 |   0.0 |      31 |       0 |   0.0
        D:2 |      47 |       1 |   2.1 |      18 |       1 |   5.3
        D:3 |      23 |      18 |  43.9 |       4 |       2 |  33.3
            +---------+---------+-------+---------+---------+-------
